 Dungeon Crawl Stone Soup version 0.18.1-48-g4cf74bf (webtiles) character file.

342 Heedrag the Conjurer (level 6, -9/32 HPs)
             Began as a Deep Elf Conjurer on Aug 13, 2016.
             Mangled by a two-headed ogre
             ... wielding a +0 giant club
              (10 damage)
             ... on level 7 of the Dungeon.
             The game lasted 00:09:31 (3375 turns).

Heedrag the Conjurer (Deep Elf Conjurer)            Turns: 3375, Time: 00:09:32

Health: -9/32      AC:  4    Str:  7    XL:     6   Next: 30%
Magic:  6/15       EV: 13    Int: 20    God:
Gold:   149        SH:  0    Dex: 15    Spells: 3 memorised, 5 levels left

rFire  . . .     SeeInvis .     j - +1 hand axe (drain)
rCold  . . .     Gourm    .     a - +0 robe
rNeg   . . .     Faith    .     (no shield)
rPois  .         Spirit   .     (no helmet)
rElec  .         Dismiss  .     r - +0 cloak (curse)
rCorr  .         Reflect  .     p - +0 pair of gloves
SustAt .         Harm     .     (no boots)
MR     .....                    (no amulet)
Stlth  ++........               (no ring)
                                (no ring)

@: not resistant to hostile enchantments, unstealthy
A: no striking features
a: no special abilities


You were on level 7 of the Dungeon.
You were hungry.

You visited 1 branch of the dungeon, and saw 6 of its levels.

You collected 149 gold pieces.

Inventory:

Hand Weapons
 j - a +1 hand axe of draining (weapon)
 q - a +1 dagger of flaming
Armour
 a - a +0 robe (worn)
 p - a +0 pair of gloves (worn)
 r - a cursed +0 cloak (worn)
Wands
 t - a wand of flame (25/48)
 w - a wand of slowing (20/48)
Scrolls
 e - 3 scrolls of remove curse {unknown}
 h - a scroll of enchant weapon {unknown}
 i - 2 scrolls of random uselessness {unknown}
 k - 2 scrolls of magic mapping {unknown}
 m - 3 scrolls of identify {unknown}
 s - a scroll of blinking {unknown}
 u - a scroll of recharging {unknown}
 v - a scroll of amnesia {unknown}
 x - a scroll of fear {unknown}
Potions
 d - a potion of lignification {unknown}
 f - a potion of heal wounds {unknown}
 g - 2 potions of curing {unknown}
 l - a potion of flight {unknown}
 o - a potion of mutation {unknown}
Books
 b - a book of Conjurations

   Spells                             Type                      Level
   a - Magic Dart                     Conjuration                  1
   b - Searing Ray                    Conjuration                  2
   c - Dazzling Spray                 Conjuration/Hexes            3
   d - Fulminant Prism                Conjuration/Hexes            4
   e - Iskenderun's Mystic Blast      Conjuration                  4
   f - Iskenderun's Battlesphere      Conjuration/Charms           5
Comestibles
 c - 2 bread rations
 n - a beef jerky


   Skills:
 - Level 2.4 Dodging
 + Level 3.2 Stealth
 + Level 5.0 Spellcasting
 * Level 7.3 Conjurations
 + Level 1.3 Charms


You had 5 spell levels left.
You knew the following spells:

 Your Spells              Type           Power        Failure   Level  Hunger
a - Magic Dart            Conj           ####         1%          1    None
b - Iskenderun's Mystic   Conj           ####....     8%          4    ####...
c - Iskenderun's Battles  Conj/Chrm      ###.....     58%         5    #####..


Dungeon Overview and Level Annotations

Branches:
Dungeon (7/15)
 Temple: D:4-7

Altars:
Cheibriados
Elyvilon
Kikubaaqudgha
Makhleb
Nemelex Xobeh
Okawaru
Pakellas
Ru

Annotations:
D:6 Edmund


Message History

Found a stone staircase leadin' down.
Tha jackal bites ye but does nay damage.
Found 14 gold pieces.
Tha kobold throws a stone.
Tha stone closely misses ye.
Ye see 'ere a stone.
Tha jackal barely misses ye. x2
Tha jackal misses ye.
Tha jackal closely misses ye.
Tha jackal closely misses ye.
A two-headed ogre comes inta view.
It be wieldin' two giant clubs.
Tha two-headed ogre shouts in stereo!
Tha jackal closely misses ye.
Tha jackal closely misses ye.
Tha kobold shouts!
Tha kobold throws a stone.
Tha stone barely misses ye.
Tha two-headed ogre hits ye wit' a giant club!!
Ouch! Tha re'lly hurt!
* * * LOW HITPOINT WARNIN'
* * * Tha two-headed ogre hits ye wit' a giant club!
Ye die...

#K#.# #K#..#.#
#.#.###K##.#.#
##K#)K.K(##K#.#
#..#.....##K..#
#.##..K..###..##
#..((..#.......#
####.###....K..#
###
#....Oh.#+####
#.....@......#
##...........#
#...$........#
+....###.....#
#...# #.....
#... ..... #...
.#### #..


You could see a two-headed ogre, a jackal and 4 kobolds.

Vanquished Creatures
  A giant frog (D:6)
  A jelly (D:6)
  An orc priest (D:3)
  An orc wizard (D:3)
  Robin (D:2)
  7 adders
  An ooze (D:1)
  4 worms (D:2)
  A dart slug (D:1)
  A giant gecko (D:1)
  11 orcs (D:3)
  2 giant cockroaches (D:2)
  21 goblins
  8 hobgoblins
  3 jackals (D:6)
  A quokka (D:3)
  A ball python (D:1)
  7 bats
  5 giant newts
  6 kobolds
  9 rats
93 creatures vanquished.

Notes
Turn   | Place    | Note
--------------------------------------------------------------
     0 | D:1      | Heedrag the Deep Elf Conjurer began the quest for the Orb.
     0 | D:1      | Reached XP level 1. HP: 10/10 MP: 6/6
   195 | D:1      | Reached XP level 2. HP: 15/15 MP: 5/8
   299 | D:1      | Reached skill level 5 in Conjurations
   769 | D:1      | Reached XP level 3. HP: 19/19 MP: 6/9
  1271 | D:2      | Noticed Robin
  1274 | D:2      | Reached XP level 4. HP: 24/24 MP: 9/11
  1286 | D:2      | Killed Robin
  1286 | D:2      | Reached skill level 6 in Conjurations
  1308 | D:2      | Learned a level 4 spell: Iskenderun's Mystic Blast
  1391 | D:2      | Found a burning altar of Makhleb.
  1856 | D:3      | Found a snail-covered altar of Cheibriados.
  2163 | D:3      | Found an oddly glowing altar of Pakellas.
  2201 | D:3      | Reached XP level 5. HP: 28/28 MP: 5/13
  2445 | D:3      | Reached skill level 7 in Conjurations
  2554 | D:3      | Found an ancient bone altar of Kikubaaqudgha.
  2659 | D:3      | Learned a level 5 spell: Iskenderun's Battlesphere
  3088 | D:4      | You fall through a shaft for 2 floors!
  3093 | D:6      | Reached skill level 1 in Charms
  3093 | D:6      | Reached XP level 6. HP: 32/32 MP: 8/15
  3172 | D:6      | Found an iron altar of Okawaru.
  3250 | D:6      | Found an oddly glowing altar of Pakellas.
  3253 | D:6      | Found a sacrificial altar of Ru.
  3256 | D:6      | Found a sparkling altar of Nemelex Xobeh.
  3307 | D:6      | Found a white marble altar of Elyvilon.
  3328 | D:6      | Noticed Edmund
  3330 | D:6      | Reached skill level 5 in Spellcasting
  3371 | D:7      | Noticed a two-headed ogre
  3375 | D:7      | HP: 1/32 [two-headed ogre/giant club (21)]
  3375 | D:7      | Mangled by a two-headed ogre

Skill      XL: |  1  2  3  4  5  6 |
---------------+-------------------+-----
Conjurations   | 5 6 7 |  7.3
Spellcasting   | 4 5 |  5.0
Charms         | 1 |  1.3
Stealth        | 3 |  3.2
Dodging        | |  2.4

Action                   |  1- 3 |  4- 6 || total
-------------------------+-------+-------++-------
Melee: Unarmed           |     2 |       ||     2
       Hand axe          |     3 |    47 ||    50
 Cast: Magic Dart        |    66 |   101 ||   167
       Iskenderun's Myst |       |     1 ||     1
 Stab: Sleeping          |       |     3 ||     3
  Eat: Chunk             |     1 |     6 ||     7
Armor: Robe              |     2 |    27 ||    29
Dodge: Dodged            |     9 |    64 ||    73
